Map: [ESL] NeoHumanity

Players

Lambo

  • Race: Zerg Zerg
  • Spawn Location: 11:00

Dark - Winner!

  • Race: Zerg Zerg
  • Spawn Location: 5:00

Event: ESL SC2 Masters 2023 Summer (Finals)

VOD

Have the link to the VOD?

Description

Time

  • Played on: June 17, 2023, 1:16 p.m.
  • Length: 22:59

All games in this series

Show
View Real Time Build Order
Export as new Build Order

Lambo Zerg 

Build Orders: Hatch First, Lurkers 

Get SALT Encoding   

  12  0:00  Drone  
  13  0:12  Overlord  
  13  0:17  Drone  
  14  0:31  Drone x2  
  16  0:47  Hatchery  
  15  0:51  Drone  
  15  0:54  Drone  
  17  1:07  Spawning Pool  
  17  1:10  Extractor  
  15  1:13  Drone  
  15  1:16  Drone  
  17  1:19  Drone  
  18  1:27  Drone  
  19  1:38  Drone  
  20  1:49  Drone  
  21  1:58  Queen  
  21  1:59  Queen  
  21  2:00  Overlord, Zergling x2  
  26  2:09  Metabolic Boost  
  26  2:10  Drone  
  26  2:11  Drone  
  28  2:21  Drone  
  29  2:23  Drone  
  30  2:31  Drone  
  30  2:32  Drone  
  32  2:39  Hatchery  
  32  2:42  Drone  
  32  2:46  Baneling Nest  
  32  2:49  Overlord  
  31  2:54  Drone  
  31  2:57  Zergling x2  
  33  3:00  Queen  
  33  3:04  Zergling x2  
  36  3:09  Drone x3  
  36  3:11  Zergling x2  
  40  3:13  Zergling x2  
  40  3:17  Overlord  
  41  3:20  Drone  
  42  3:29  Zergling x2  
  42  3:32  Baneling  
  42  3:33  Baneling  
  43  3:36  Drone x2  
  43  3:39  Zergling x4  
  43  3:40  Drone  
  43  3:41  Drone x3  
  50  3:48  Drone, Roach Warren  
  50  3:51  Drone x2  
  52  3:55  Overlord  
  52  3:59  Overlord  
  52  4:04  Unknown  
  52  4:05  Overlord  
  52  4:08  Overlord  
  52  4:09  Zergling x4  
  59  4:31  Roach x7  
  59  4:37  Roach x3  
  72  4:47  Roach x3  
  72  4:49  Overlord  
  72  4:52  Zergling x10  
  83  4:59  Zergling x8  
  84  5:06  Zergling x4  
  86  5:09  Baneling x3  
  86  5:13  Zergling x2  
  85  5:15  Zergling x4  
  85  5:17  Baneling x4  
  87  5:26  Zergling x6  
  86  5:31  Zergling x2  
  86  5:32  Ravager  
  86  5:35  Zergling x4  
  81  5:39  Lair  
  81  5:42  Evolution Chamber  
  65  5:43  Drone x4  
  65  5:48  Drone  
  65  5:49  Drone  
  69  5:51  Drone x2  
  69  5:55  Drone x2  
  73  5:58  Drone  
  73  6:00  Extractor  
  74  6:04  Drone  
  74  6:05  Drone x3  
  77  6:12  Roach x2  
  97  6:18  Roach x8  
  97  6:21  Spine Crawler  
  97  6:22  Roach  
  98  6:27  Baneling x2  
  98  6:29  Overlord  
  98  6:31  Overlord x2  
  98  6:33  Overlord  
  98  6:35  Overlord  
  98  6:37  Overlord  
  98  6:42  Overlord  
  98  6:49  Glial Reconstitution  
  98  6:52  Zerg Missile Weapons Level 1  
  98  6:53  Drone  
  98  6:54  Drone x7  
  106  6:58  Extractor, Drone, Overseer  
  106  7:00  Extractor  
  105  7:03  Drone x4  
  105  7:05  Drone  
  105  7:06  Drone  
  111  7:09  Drone, Pneumatized Carapace  
  111  7:14  Roach x3  
  118  7:21  Drone  
  119  7:23  Hatchery  
  119  7:26  Roach  
  119  7:29  Drone  
  121  7:31  Roach x3  
  121  7:33  Ravager x2  
  121  7:36  Roach x2  
  133  7:41  Roach  
  133  7:42  Evolution Chamber  
  133  7:43  Roach x2  
  138  7:50  Roach x4  
  146  7:51  Ravager x2  
  146  7:54  Roach x2  
  146  7:56  Overlord  
  152  8:01  Roach  
  152  8:02  Overlord  
  152  8:04  Overlord  
  152  8:05  Overlord  
  154  8:07  Overlord  
  154  8:10  Zerg Ground Armor Level 1  
  154  8:13  Overlord  
  154  8:15  Roach x2  
  154  8:16  Ravager  
  154  8:17  Drone  
  160  8:23  Roach x3  
  160  8:24  Tunneling Claws  
  166  8:28  Burrow  
  166  8:32  Roach x2  
  170  8:35  Drone x3  
  173  8:42  Roach x4  
  173  8:43  Ravager  
  173  8:45  Drone x2  
  173  8:48  Overlord  
  184  8:51  Roach x2  
  188  9:02  Extractor, Overlord  
  187  9:03  Spine Crawler  
  187  9:07  Roach x6  
  187  9:08  Zerg Missile Weapons Level 2  
  198  9:13  Roach  
  200  9:19  Overlord  
  200  9:21  Drone, Infestation Pit  
  200  9:23  Overlord  
  200  9:27  Overlord  
  200  9:31  Extractor  
  200  9:33  Hydralisk Den  
  200  9:34  Roach  
  200  9:58  Hive  
  200  10:01  Roach x18  
  200  10:06  Roach x18  
  200  10:18  Zerg Ground Armor Level 2  
  200  10:20  Lurker Den  
  199  10:35  Roach x2  
  198  10:38  Hydralisk x3  
  196  10:46  Muscular Augments  
  196  10:49  Hydralisk x2  
  199  11:06  Hydralisk  
  199  11:13  Hatchery  
  198  11:19  Seismic Spines  
  198  11:43  Lurker  
  198  11:44  Lurker  
  200  11:47  Extractor  
  200  11:52  Extractor  
  198  11:55  Hatchery  
  198  11:56  Zerg Missile Weapons Level 3  
  198  11:57  Grooved Spines  
  195  12:16  Adaptive Talons, Viper  
  186  12:26  Viper x6  
  186  12:29  Roach x16  
  200  12:30  Roach x9  
  200  12:31  Evolution Chamber, Overseer  
  200  12:32  Evolution Chamber  
  200  12:33  Evolution Chamber  
  197  12:38  Drone x3  
  197  12:41  Spine Crawler  
  199  12:48  Overseer  
  199  12:55  Zerg Ground Armor Level 3  
  199  13:05  Evolution Chamber  
  198  13:06  Evolution Chamber  
  198  13:08  Lurker  
  198  13:13  Drone x11  
  198  13:17  Overseer x3  
  189  13:28  Lurker x3  
  190  13:34  Lurker Den  
  186  13:45  Drone x3  
  186  13:46  Drone x3  
  186  13:47  Drone x14  
  196  14:06  Evolution Chamber  
  196  14:08  Evolution Chamber  
  194  14:10  Spine Crawler  
  194  14:11  Spine Crawler  
  194  14:16  Queen  
  192  14:23  Drone x11  
  197  14:26  Spine Crawler  
  195  14:39  Spine Crawler  
  195  14:41  Spine Crawler  
  192  14:46  Drone x8  
  200  14:56  Spine Crawler  
  199  15:02  Spine Crawler  
  199  15:03  Hatchery  
  199  15:04  Spine Crawler  
  171  15:21  Viper x3  
  171  15:22  Viper  
  171  15:25  Drone x2  
  171  15:26  Drone x2, Hydralisk Den  
  186  15:29  Drone x5  
  186  15:30  Drone x3  
  194  15:37  Viper x2  
  194  15:38  Roach x20  
  200  15:56  Hydralisk  
  200  16:11  Overlord  
  200  16:12  Roach x20  
  200  16:19  Extractor, Hatchery  
  200  16:20  Extractor  
  197  16:38  Hydralisk  
  195  16:55  Roach x12, Hydralisk x5  
  193  17:07  Hydralisk x3  
  199  17:17  Hatchery  
  199  17:20  Extractor x2  
  193  17:24  Hydralisk x6  
  190  17:37  Spore Crawler  
  190  17:38  Hydralisk x6  
  190  17:39  Hydralisk x3, Spore Crawler  
  190  17:41  Lurker x2  
  187  18:07  Drone  
  187  18:08  Drone x4  
  187  18:09  Drone  
  187  18:10  Spine Crawler x2  
  187  18:11  Spine Crawler  
  187  18:12  Spore Crawler, Spine Crawler  
  188  18:13  Hydralisk x6  
  188  18:15  Spine Crawler  
  199  18:38  Hydralisk  
  196  18:45  Roach x3  
  195  19:02  Hydralisk x14  
  166  19:08  Lurker x3  
  199  19:14  Overlord  
  187  19:21  Viper x7  
  187  19:22  Hydralisk x6  
  186  19:28  Lurker x3  
  186  19:29  Lurker  
  190  19:32  Drone x3  
  190  19:35  Drone x3  
  196  19:41  Hydralisk x2  
  200  19:50  Spine Crawler x2  
  198  19:54  Lurker  
  198  19:58  Overlord  
  198  19:59  Hatchery  
  198  20:02  Lurker x2  
  198  20:08  Hydralisk x5  
  174  20:18  Hydralisk x15  
  176  20:24  Hydralisk x5  
  176  20:27  Queen x2  
  181  20:33  Hydralisk x5  
  188  20:36  Drone  
  188  20:38  Lurker x3  
  192  20:43  Lurker  
  192  20:46  Drone x7  
  200  20:54  Hatchery  
  199  21:03  Drone  
  200  21:07  Overlord  
  200  21:44  Hydralisk x4  
  194  21:50  Overseer  
  182  22:00  Hydralisk x10  
  167  22:11  Overseer  
  154  22:15  Hydralisk  
  154  22:16  Hydralisk x2  
  154  22:18  Overseer  
  133  22:34  Hydralisk  
Show
View Real Time Build Order
Export as new Build Order

Dark Zerg - Winner!

Build Orders: Hatch First, Lurkers 

Get SALT Encoding   

  12  0:00  Drone  
  13  0:12  Overlord  
  13  0:17  Drone  
  14  0:30  Drone  
  14  0:31  Drone  
  16  0:47  Hatchery  
  15  0:50  Drone  
  15  0:53  Drone  
  15  0:56  Drone  
  18  1:07  Extractor  
  17  1:13  Spawning Pool  
  17  1:15  Drone  
  17  1:18  Drone  
  18  1:28  Drone  
  19  1:38  Drone  
  20  1:49  Drone  
  21  1:59  Queen x2  
  21  2:01  Drone x2  
  27  2:10  Overlord  
  27  2:11  Drone  
  28  2:16  Metabolic Boost  
  28  2:29  Zergling x4  
  30  2:33  Hatchery  
  30  2:36  Drone x2  
  31  2:45  Queen  
  33  2:54  Overlord  
  33  2:58  Drone, Baneling Nest  
  33  3:01  Drone  
  35  3:05  Drone x2  
  36  3:13  Drone x3  
  36  3:17  Overlord  
  40  3:20  Drone  
  40  3:21  Zergling x2  
  40  3:24  Zergling x2  
  40  3:25  Zergling x2  
  43  3:40  Drone x2  
  45  3:44  Drone x3  
  45  3:45  Drone x2  
  45  3:47  Baneling  
  50  3:52  Drone  
  50  3:53  Drone x2  
  53  3:58  Overlord, Evolution Chamber  
  53  3:59  Roach Warren  
  53  4:02  Baneling  
  50  4:05  Drone x3  
  50  4:08  Extractor  
  52  4:15  Zergling x6  
  55  4:21  Drone x2  
  57  4:25  Baneling x2  
  57  4:30  Zergling x4  
  57  4:31  Baneling x2  
  59  4:32  Drone x2  
  59  4:33  Drone x2  
  63  4:39  Roach  
  63  4:40  Overlord  
  63  4:41  Extractor  
  63  4:42  Overlord  
  64  4:46  Roach  
  64  4:51  Overlord  
  65  4:55  Overlord  
  65  4:58  Roach  
  63  5:00  Roach x5  
  63  5:02  Roach x2  
  63  5:05  Baneling x2, Spine Crawler  
  76  5:09  Roach, Spine Crawler  
  76  5:12  Zergling x8  
  80  5:14  Baneling  
  80  5:15  Baneling  
  80  5:18  Roach  
  82  5:22  Roach  
  82  5:29  Roach x2  
  82  5:33  Roach x2, Zergling x2  
  81  5:37  Roach  
  81  5:39  Roach  
  81  5:42  Roach  
  78  5:43  Queen  
  78  5:44  Queen  
  78  5:47  Roach  
  82  5:55  Overlord  
  82  5:57  Zerg Missile Weapons Level 1  
  82  6:03  Drone x4  
  86  6:05  Drone  
  87  6:13  Roach x2  
  87  6:17  Drone  
  92  6:20  Lair  
  92  6:24  Drone x2  
  92  6:25  Baneling x2  
  94  6:33  Drone x2  
  94  6:34  Drone  
  94  6:39  Roach x3  
  103  6:43  Roach  
  103  6:46  Roach  
  106  6:47  Overlord  
  106  6:49  Overlord  
  106  6:51  Extractor  
  106  6:52  Extractor  
  104  6:58  Drone x2  
  104  6:59  Hatchery  
  104  7:00  Overlord x2  
  105  7:01  Overlord  
  105  7:03  Overlord  
  105  7:11  Ravager  
  105  7:12  Drone x2  
  105  7:13  Drone x3  
  105  7:14  Extractor  
  105  7:15  Roach x3  
  116  7:17  Overseer  
  116  7:19  Glial Reconstitution  
  116  7:22  Drone x3  
  119  7:25  Roach  
  121  7:31  Roach  
  121  7:32  Roach  
  125  7:38  Roach  
  125  7:39  Ravager x2  
  125  7:42  Roach x2  
  133  7:49  Overlord, Drone  
  133  7:50  Drone x2  
  136  7:54  Roach x3  
  136  7:55  Ravager  
  143  8:03  Drone x2  
  143  8:05  Roach x4  
  153  8:07  Ravager x2  
  153  8:08  Overlord  
  153  8:12  Spore Crawler, Pneumatized Carapace  
  155  8:13  Spore Crawler  
  155  8:15  Drone  
  155  8:16  Drone x3, Spore Crawler  
  155  8:17  Queen  
  155  8:18  Zerg Missile Weapons Level 2  
  158  8:22  Roach x2  
  158  8:26  Roach x2  
  158  8:27  Roach  
  168  8:32  Overlord  
  168  8:33  Overlord  
  168  8:37  Evolution Chamber  
  168  8:40  Drone  
  168  8:42  Overlord x2  
  168  8:43  Overlord x2  
  168  8:47  Overlord  
  168  8:49  Overlord  
  168  8:50  Overseer  
  168  8:52  Roach x5  
  178  8:58  Roach  
  178  8:59  Roach x2  
  178  9:01  Overlord  
  184  9:03  Zerg Ground Armor Level 1  
  184  9:05  Drone x3  
  184  9:08  Roach  
  189  9:11  Roach x2  
  189  9:14  Ravager x2  
  195  9:21  Roach x2  
  199  9:30  Infestation Pit  
  198  9:32  Hydralisk Den  
  198  9:34  Roach  
  199  9:38  Spine Crawler x2  
  199  9:39  Spine Crawler, Overseer  
  199  9:41  Roach x2  
  200  9:46  Overseer  
  200  9:50  Extractor  
  200  9:51  Extractor, Drone  
  199  9:59  Drone  
  200  10:03  Muscular Augments  
  200  10:14  Hive  
  200  10:16  Lurker Den  
  200  10:20  Hatchery  
  198  10:28  Drone x2  
  199  10:50  Drone x2, Spine Crawler x2  
  199  10:51  Spore Crawler  
  199  10:55  Spine Crawler  
  197  10:59  Roach  
  199  11:09  Zerg Ground Armor Level 2  
  199  11:14  Unknown  
  199  11:16  Spore Crawler  
  197  11:22  Hydralisk  
  197  11:25  Burrow, Tunneling Claws  
  199  11:28  Seismic Spines  
  199  11:29  Zerg Missile Weapons Level 3  
  199  11:33  Overlord  
  199  11:48  Hydralisk x2, Spine Crawler x3  
  199  11:49  Spine Crawler  
  199  11:56  Spore Crawler  
  199  12:01  Spore Crawler  
  197  12:07  Grooved Spines  
  192  12:17  Lurker x3  
  192  12:19  Hatchery  
  172  12:24  Hydralisk x7  
  172  12:25  Adaptive Talons  
  172  12:28  Hydralisk x3  
  186  12:31  Hydralisk x2  
  190  12:37  Nydus Network  
  190  12:42  Drone x3  
  192  12:48  Hydralisk x3  
  192  12:49  Lurker  
  192  12:51  Lurker  
  200  12:53  Roach x21  
  200  13:03  Spore Crawler  
  200  13:05  Spore Crawler  
  198  13:07  Spore Crawler  
  198  13:12  Roach x3  
  197  13:25  Hydralisk x2  
  197  13:28  Roach x6  
  197  13:35  Hydralisk  
  197  13:41  Viper x5  
  177  13:42  Hydralisk x2  
  177  13:43  Hydralisk x3  
  178  13:50  Hydralisk x3  
  178  13:51  Viper x2  
  178  13:53  Roach x3  
  178  13:54  Roach x3  
  190  13:56  Drone x10  
  200  14:04  Spore Crawler  
  200  14:08  Lurker x5  
  200  14:13  Roach x2  
  200  14:16  Lurker x3  
  200  14:17  Drone x2  
  200  14:19  Drone  
  200  14:21  Roach x9  
  200  14:22  Lurker  
  200  14:27  Nydus Canal  
  200  14:29  Lurker x4  
  200  14:30  Lurker x2  
  194  14:32  Drone x2  
  196  14:48  Viper  
  196  14:50  Drone x5  
  200  14:53  Extractor  
  192  15:20  Hydralisk x6  
  199  15:28  Drone  
  200  15:44  Zerg Ground Armor Level 3  
  197  15:54  Roach x9  
  197  15:57  Spore Crawler, Lurker x3  
  197  15:58  Drone, Spore Crawler, Lurker  
  197  15:59  Spore Crawler  
  197  16:00  Drone  
  197  16:01  Nydus Canal  
  200  16:10  Evolution Chamber x2  
  200  16:11  Evolution Chamber x2  
  197  16:14  Evolution Chamber  
  197  16:16  Hydralisk x2  
  199  16:20  Nydus Canal  
  199  16:30  Hydralisk x4  
  193  16:33  Drone  
  193  16:34  Drone x6  
  196  16:40  Hydralisk  
  196  16:41  Hydralisk  
  197  16:54  Spore Crawler  
  197  16:55  Spore Crawler  
  197  16:56  Hydralisk x2  
  197  17:01  Hydralisk x3  
  197  17:02  Spore Crawler  
  197  17:06  Hydralisk x2  
  195  17:14  Nydus Canal  
  195  17:26  Hydralisk x5  
  199  17:32  Drone x12  
  199  17:35  Hydralisk x3  
  198  17:37  Drone x3  
  196  17:46  Lurker x3  
  196  17:48  Drone  
  194  17:59  Hydralisk x4  
  199  18:06  Spore Crawler x2  
  199  18:07  Spore Crawler  
  199  18:11  Overseer x2  
  197  18:12  Drone  
  197  18:13  Lurker  
  197  18:19  Hydralisk  
  200  18:24  Extractor, Nydus Canal  
  199  18:28  Overseer x5  
  199  18:39  Hydralisk  
  193  18:44  Hydralisk x6  
  193  18:46  Hydralisk  
  197  18:49  Hydralisk  
  197  19:00  Hydralisk x5  
  197  19:06  Hydralisk  
  199  19:10  Overseer  
  199  19:16  Overseer x2  
  197  19:21  Hydralisk  
  197  19:22  Hydralisk x9  
  194  19:27  Overlord x4  
  191  19:31  Lurker x7  
  191  19:32  Overlord  
  198  19:40  Overlord  
  198  19:45  Hatchery  
  198  19:48  Nydus Canal  
  198  19:51  Overseer x3  
  144  20:22  Hydralisk x15  
  144  20:24  Hydralisk  
  144  20:26  Hydralisk  
  160  20:29  Lurker x4  
  160  20:33  Hydralisk  
  166  20:37  Overseer  
  166  20:39  Drone x3  
  169  20:44  Hydralisk x3  
  175  20:53  Hydralisk x3  
  175  20:56  Spore Crawler  
  180  20:57  Hydralisk  
  179  21:14  Drone  
  179  21:15  Drone x2  
  179  21:16  Hydralisk x4, Extractor  
  189  21:20  Viper  
  189  21:21  Viper  
  189  21:23  Hydralisk  
  197  21:34  Nydus Canal  
  195  21:44  Hydralisk x4  
  196  21:49  Hydralisk  
  196  21:50  Hydralisk x3  
  193  22:00  Hydralisk x2  
  188  22:04  Hydralisk  
  179  22:11  Hydralisk x3  
  176  22:19  Hydralisk  
  176  22:22  Lurker  
  161  22:30  Hydralisk x2  
  161  22:32  Nydus Canal  
Tags
 
Add a new tag
Caveats
  • Supply blocks, unpowered buildings, or Contaminate may cause inaccurate times.
  • Supply counts are checked every 10 seconds.